 Dungeon Crawl Stone Soup version 0.31-a0-854-g362426d53f (webtiles) character file.

Game seed: 3253959660094993669

851 Azuregosa the Changeling (level 7, -1/66 HPs)
             Began as a Troll Monk on Oct 8, 2023.
             Was a Believer of Fedhas.
             Slain by a troll (4 damage)
             ... on level 6 of the Dungeon.
             The game lasted 00:16:30 (3408 turns).

Azuregosa the Changeling (Troll Monk)               Turns: 3408, Time: 00:16:31

Health: -1/66      AC:  4    Str: 25    XL:     7   Next: 69%
Magic:  6/6        EV: 10    Int:  6    God:    Fedhas [**....]
Gold:   253        SH:  0    Dex: 12    Spells: 6/6 levels left

rFire   . . .        r - +10 dagger "Obbyles" {elec, +Blink rC+ Str+3}
rCold   + . .        c - orb {light}
rNeg    . . .        a - +0 robe
rPois   .            (helmet restricted)
rElec   .            (no cloak)
rCorr   .            (gloves unavailable)
SInv    .            (boots unavailable)
Will    .....        A - amulet of regeneration
Stlth   +            (no ring)
HPRegen 1.91/turn    (no ring)
MPRegen 0.10/turn

%: no passive effects
@: glowing
A: large, unfitting armour, claws 3, regeneration 1, shaggy fur 1, tough skin 1
a: Renounce Religion, Evoke Blink, Wall of Briars


You were on level 6 of the Dungeon.
You worshipped Fedhas.
Fedhas was pleased with you.
You visited 2 branches of the dungeon, and saw 8 of its levels.

You collected 253 gold pieces.

Inventory:

Hand Weapons
 p - a +2 whip of flaming
 r - the +10 dagger "Obbyles" (weapon) {elec, +Blink rC+ Str+3}
   (You found it on level 4 of the Dungeon)

   Str+3:     It affects your strength (+3).
   rC+:       It protects you from cold.
   +Blink:    It lets you blink.
 w - the +6 whip "Ekej" {speed, Str+4}
   (You found it on level 5 of the Dungeon)

   Str+4:     It affects your strength (+4).
 D - a +1 mace of holy wrath
Missiles
 h - 5 boomerangs
 m - 2 silver javelins
 q - 7 poisoned darts
 x - 6 curare-tipped darts
Armour
 a - a +0 robe (worn)
 c - an orb of light (worn)
 u - a scarf of shadows
Jewellery
 A - an amulet of regeneration (around neck)
 B - a ring of magical power
 C - an amulet of reflection
Talismans
 i - a flux talisman
Wands
 y - a wand of mindburst (26)
Scrolls
 e - 2 scrolls of teleportation {unknown}
 f - a scroll of enchant armour {unknown}
 g - 5 scrolls of identify {unknown}
 k - 2 scrolls of torment {unknown}
 l - a scroll of revelation {unknown}
 n - 2 scrolls of noise {unknown}
 s - a scroll of acquirement {unknown}
 v - a scroll of amnesia {unknown}
Potions
 b - a potion of ambrosia
 d - a potion of enlightenment {unknown}
 j - 2 potions of curing {unknown}
 o - 2 potions of might {unknown}
 t - a potion of heal wounds {unknown}
 z - a potion of invisibility {unknown}


   Skills:
 - Level 2.6 Fighting
 + Level 4.4 Short Blades
 - Level 2.6 Dodging
 - Level 3.2 Unarmed Combat
 - Level 5.5 Shapeshifting


You had 6 spell levels left.
You didn't know any spells.
Your spell library contained the following spells:

 Spells                   Type           Power      Damage    Failure   Level
 Magic Dart               Conj           0%         1d3       45%         1
 Searing Ray              Conj           0%         2d4       58%         2
 Volatile Blastmotes      Fire/Tloc      0%         2d10      83%         3
 Fulminant Prism          Conj/Hex       0%         3d5       99%         4
 Iskenderun's Mystic Bla  Conj/Tloc      0%         2d3       99%         4


Dungeon Overview and Level Annotations

Branches:
Dungeon (7/15)             Temple (1/1) D:6

Altars:
Ashenzari
Cheibriados
Elyvilon
Fedhas
Gozag
Kikubaaqudgha
Makhleb
Nemelex Xobeh
Qazlal
Ru
Sif Muna
Trog
Uskayaw
Vehumet
Wu Jian
Yredelemnul
The Shining One

Shops:
D:5 :


Innate Abilities, Weirdness & Mutations

You are too large for most types of armour.
You have claws for hands.
Your natural rate of healing is unusually fast.
You are covered in fur. (AC +1)
You have tough skin. (AC +1)


Message History

You start resting.
HP restored.
You see here a +0 giant club.
You open the door.
There is an open door here.
As you open the door, it creaks loudly!
There is an open door here.
A troll comes into view.
Found an escape hatch in the ceiling.
The troll shouts!
You barely miss the troll. The troll bites you! The troll claws you.
The troll claws you!
You hit the troll.
The troll is lightly wounded.
You hit the troll.
The troll is lightly wounded.
The troll bites you. The troll claws you! The troll claws you.
You hit the troll but do no damage.
The troll is lightly wounded.
The troll bites you but does no damage.
The troll claws you but does no damage. x2
You hit the troll.
The troll is lightly wounded.
The troll bites you!
* * * LOW HITPOINT WARNING * * *
The troll claws you but does no damage. The troll claws you!
* * * LOW HITPOINT WARNING * * *
You hit the troll.
The troll is moderately wounded.
You puncture the troll! Lightning courses through the troll!
The troll is almost dead.
The troll misses you. The troll claws you.
* * * LOW HITPOINT WARNING * * *
The troll barely misses you.
You hit the troll.
The troll is almost dead.
The troll bites you!
* * * LOW HITPOINT WARNING * * *
The troll claws you.
You die...
Fedhas appreciates your contribution to the ecosystem.

#..... #..... # #.....
# #.....### # #.......#
###### #.......# #.....
#.....T.# ######.....
#.....@.# #....#.....
#<......#####....#.....
#.###.......#....###'##
#######.'....###.#
###.....##.##
#.......... ########...
####


You could see a troll.

Vanquished Creatures
  2 black bears (D:5)
  2 ogres
  3 vampire bats (D:3)
  A howler monkey (D:4)
  A hound (D:5)
  3 orc priests
  3 iguanas
  An orc wizard (D:5)
  6 adders
  A white imp (D:5)
  2 worms
  9 orcs
  4 bats
  2 bat skeletons (D:3)
  4 bat zombies (D:3)
  7 endoplasms
  A giant cockroach (D:2)
  6 goblins
  A hobgoblin (D:3)
  7 jackals
  4 quokkas
  A ball python (D:4)
  2 frilled lizards (D:3)
  3 kobolds
  8 rats
84 creatures vanquished.

Notes
Turn   | Place    | Note
-------+----------+-------------------------------------------
     0 | D:1      | Azuregosa the Troll Monk began the quest for the Orb.
     0 | D:1      | Reached XP level 1. HP: 22/22 MP: 0/0
   128 | D:1      | Reached XP level 2. HP: 29/29 MP: 1/1
   720 | D:2      | Reached skill level 1 in Shapeshifting
   782 | D:2      | Reached XP level 3. HP: 13/36 MP: 2/2
  1037 | D:3      | Reached skill level 2 in Shapeshifting
  1075 | D:3      | Noticed an ogre
  1085 | D:3      | Killed an ogre
  1086 | D:3      | Reached skill level 3 in Shapeshifting
  1086 | D:3      | Reached XP level 4. HP: 26/44 MP: 3/3
  1120 | D:3      | Reached XP level 5. HP: 33/50 MP: 4/4
  1182 | D:3      | Found a hide-covered altar of Uskayaw.
  1421 | D:3      | Found a bloodstained altar of Trog.
  1470 | D:3      | Reached skill level 4 in Shapeshifting
  1480 | D:3      | Found an ancient bone altar of Kikubaaqudgha.
  1503 | D:3      | Reached skill level 5 in Shapeshifting
  1503 | D:3      | Reached XP level 6. HP: 43/59 MP: 5/5
  1697 | D:4      | Identified the +10 dagger "Obbyles" {elec, +Blink rC+
                  | Str+3}
  1826 | D:4      | Found a blossoming altar of Fedhas.
  1833 | D:4      | Became a worshipper of Fedhas Madash
  1833 | D:4      | Reached * piety under Fedhas
  1833 | D:4      | Reached ** piety under Fedhas
  1901 | D:4      | Reached skill level 1 in Short Blades
  2169 | D:5      | Entered Level 5 of the Dungeon
  2222 | D:5      | Identified the +6 whip "Ekej" {speed, Str+4}
  2235 | D:5      | Reached XP level 7. HP: 11/66 MP: 6/6
  2352 | D:5      | Found Wevetad's Book Shop.
  3193 | D:6      | Found a staircase to the Ecumenical Temple.
  3199 | Temple   | Entered the Ecumenical Temple
  3397 | D:6      | Noticed a troll
  3408 | D:6      | HP: 3/66 [troll (9)]
  3408 | D:6      | Slain by a troll

Illustrated notes

Levels and vault maps discovered:
D:1:      dpeg_arrival_central, layout_basic
D:2:      layout_rooms, kennysheep_nub, amcnicky_mini_corridor_feature
D:3:      layout_rooms, kennysheep_vampire_church, mainiacjoe_overflow_brackets,
          mainiacjoe_overflow_alcove_4
D:4:      layout_rooms, fedhas_altar_4, hex_large, minmay_misc_feat_encased,
          columned_hall_lemuel
D:5:      layout_basic, serial_shops, nicolae_shop_tiny_glass
D:6:      layout_basic, minmay_temple_entry_gardened_gates, chequers_arboretum,
          minmay_fractal_squares_diagonal_5, uniq_duvessa
D:7:      minmay_chambers_of_fours, layout_loops_ring, zin_treasury, uniq_pikel
Temple:   hellmonk_temple_forest_ring

Skill      XL: |  1  2  3  4  5  6  7 |
---------------+----------------------+-----
Shapeshifting  | 1 3 5 |  5.5
Short Blades   | 2 4 |  4.4
Fighting       | |  2.6
Dodging        | |  2.6
Unarmed Combat | |  3.2

Action                     |  1- 3 |  4- 6 |  7- 9 || total
---------------------------+-------+-------+-------++-------
  Melee: Unarmed           |    64 |   105 |       ||   169
         Dagger            |       |    27 |    38 ||    65
Ability: Begin Untransform |       |     1 |       ||     1
 Armour: Robe              |    26 |   115 |    37 ||   178
  Dodge: Dodged            |    28 |    99 |    12 ||   139
   Form: Flux              |     1 |       |       ||     1

Table legend: (Time is in decaauts)
 A = Elapsed time spent in this place.
 B = Non-inter-level travel time spent in this place.
 C = Inter-level travel time spent in this place.
 D = Time resting spent in this place.
 E = Time spent auto-exploring this place.
 F = Levels seen in this place.
 G = Mean time per level.
                   A        B        C        D        E       F      G
               +--------+--------+--------+--------+--------+-----+--------+
         Total |   3394 |   3268 |    126 |     97 |   2236 |   8 |  424.2 |
       Dungeon |   3392 |   3266 |    126 |     97 |   2236 |   7 |  484.6 |
        Temple |      1 |      1 |      0 |      0 |      0 |   1 |    1.0 |
               +--------+--------+--------+--------+--------+-----+--------+

Top non-repeatable levels by time:
     D:5: 889 daAuts
     D:1: 611 daAuts
     D:3: 606 daAuts
     D:4: 585 daAuts
     D:2: 357 daAuts
     D:6: 333 daAuts
     D:7: 8 daAuts
  Temple: 1 daAuts
